Map: King's Cove LE

Players

playezvibe - Winner!

  • Race: Zerg Zerg
  • League: Bronze
  • Spawn Location: 11:00

dobis

  • Race: Protoss Protoss
  • League: Silver
  • Spawn Location: 5:00

VOD

Have the link to the VOD?

Description

Time

  • Played on: July 7, 2019, 6:20 p.m.
  • Length: 21:57
Show
View Real Time Build Order
Export as new Build Order

playezvibe Zerg - Winner!

Build Orders: Pool First 

Get SALT Encoding   

  12  0:11  Overlord  
  12  0:21  Drone x2  
  14  0:35  Drone x2  
  16  0:50  Spawning Pool  
  16  0:56  Drone x2  
  17  1:03  Extractor  
  16  1:20  Drone x2  
  18  1:39  Queen  
  20  1:49  Overlord  
  20  1:52  Drone  
  21  2:20  Metabolic Boost  
  21  2:40  Drone  
  21  2:41  Zergling x4  
  24  2:56  Queen  
  26  3:05  Hatchery  
  25  3:18  Drone  
  25  3:19  Drone x4  
  30  3:49  Overlord  
  30  3:50  Overlord x3  
  28  4:07  Queen  
  30  4:21  Queen  
  32  4:27  Overlord  
  32  4:38  Drone  
  32  4:39  Drone x2  
  32  4:43  Queen  
  37  4:56  Drone  
  37  4:57  Drone x2, Queen  
  42  5:19  Queen  
  44  5:21  Drone  
  44  5:22  Drone  
  44  5:27  Drone x3  
  49  5:32  Queen  
  51  5:53  Hatchery  
  51  5:54  Queen  
  51  5:55  Spore Crawler  
  51  6:08  Queen  
  53  6:17  Overlord  
  53  6:18  Overlord x2  
  53  6:30  Pneumatized Carapace  
  53  7:07  Evolution Chamber  
  52  7:12  Evolution Chamber  
  52  7:14  Queen  
  53  7:19  Drone x3  
  53  7:20  Drone x5  
  53  7:21  Drone x4  
  53  7:22  Drone  
  66  7:29  Overlord  
  66  7:30  Overlord x3  
  66  7:31  Overlord x3  
  66  7:32  Overlord x2  
  66  7:38  Lair  
  66  7:41  Drone  
  66  7:42  Drone x2  
  69  7:49  Queen  
  71  8:25  Queen  
  73  8:42  Roach Warren  
  73  8:47  Lair  
  72  9:01  Queen  
  74  9:02  Hydralisk Den  
  74  9:05  Extractor  
  72  9:20  Extractor  
  71  9:24  Extractor  
  71  9:26  Extractor  
  71  9:27  Extractor  
  68  9:36  Queen  
  70  9:40  Zerg Missile Weapons Level 1  
  70  9:42  Zerg Ground Armor Level 1  
  70  9:46  Glial Reconstitution  
  70  9:57  Drone x3  
  63  10:25  Overseer  
  49  11:13  Queen  
  49  11:16  Drone x4  
  49  11:17  Drone x4  
  49  11:18  Drone  
  60  11:31  Grooved Spines  
  60  11:34  Overlord  
  60  11:35  Overlord x2  
  60  11:40  Hydralisk x4  
  60  11:41  Hydralisk x3  
  74  11:49  Queen  
  76  12:04  Drone  
  76  12:05  Drone x5  
  82  12:24  Queen  
  84  12:58  Drone x3  
  85  12:59  Drone  
  85  13:00  Drone x2, Queen  
  92  13:06  Extractor  
  91  13:13  Hydralisk x2  
  91  13:14  Hydralisk x2  
  91  13:15  Hydralisk x3  
  91  13:16  Hydralisk x5  
  91  13:17  Hydralisk x5  
  91  13:18  Hydralisk x2  
  129  13:34  Overlord  
  129  13:35  Overlord x2  
  129  13:36  Queen  
  129  13:40  Overseer  
  131  13:42  Overseer  
  131  13:43  Overseer  
  131  13:45  Overseer  
  131  13:50  Zerg Missile Weapons Level 2  
  124  14:10  Infestation Pit  
  124  14:16  Zergling x8  
  124  14:17  Zergling x8  
  131  14:24  Zergling x8  
  131  14:25  Zergling x4  
  92  15:15  Roach  
  92  15:16  Roach x2  
  98  15:22  Drone x3  
  98  15:23  Drone x4  
  98  15:27  Queen  
  107  16:03  Queen  
  109  16:20  Roach x3  
  115  16:26  Overlord x2  
  115  16:27  Overlord  
  115  16:32  Roach  
  119  16:33  Roach x4  
  119  16:34  Roach x4  
  119  16:39  Queen  
  135  16:44  Drone  
  135  16:45  Drone  
  138  16:47  Drone  
  138  16:53  Roach x3  
  138  16:54  Roach x4  
  152  17:02  Hive  
  152  17:04  Hive  
  152  17:06  Zerg Ground Armor Level 2  
  152  17:10  Zerg Melee Weapons Level 1  
  152  17:14  Queen  
  154  17:16  Infestor  
  154  17:17  Infestor  
  154  17:18  Infestor  
  160  17:38  Muscular Augments  
  159  17:50  Queen  
  160  18:08  Roach x2  
  160  18:09  Roach x3  
  160  18:10  Roach  
  172  18:17  Hydralisk x2  
  172  18:18  Hydralisk x4  
  172  18:19  Hydralisk x3  
  190  18:36  Lair  
  190  19:18  Hydralisk x4  
  198  19:26  Overseer  
  198  19:28  Overlord x2  
  198  19:29  Overlord x3  
Show
View Real Time Build Order
Export as new Build Order

dobis Protoss 

Build Orders: 1 Gate Expand, Carriers 

Get SALT Encoding   

  12  0:02  Probe  
  13  0:14  Probe  
  14  0:23  Pylon  
  14  0:26  Probe  
  15  0:45  Gateway  
  15  1:00  Probe  
  16  1:12  Probe  
  16  1:16  Nexus  
  17  1:20  Probe  
  18  1:33  Cybernetics Core  
  18  1:37  Zealot  
  20  1:44  Pylon  
  20  1:46  Probe  
  21  1:52  Assimilator  
  21  1:57  Assimilator  
  21  1:58  Zealot  
  21  2:02  Probe  
  24  2:24  Warp Gate  
  24  2:30  Forge  
  24  2:32  Gateway, Probe  
  24  2:33  Probe  
  26  2:40  Probe  
  27  2:53  Stalker  
  27  2:56  Probe  
  31  3:05  Probe  
  31  3:07  Protoss Ground Weapons Level 1  
  31  3:23  Photon Cannon  
  31  3:25  Photon Cannon  
  31  3:36  Photon Cannon  
  31  3:44  Photon Cannon  
  31  3:48  Probe x2  
  33  3:57  Pylon  
  33  4:02  Pylon  
  33  4:11  Pylon  
  33  4:24  Pylon  
  33  4:29  Pylon  
  33  4:31  Zealot  
  35  4:34  Zealot, Pylon, Probe  
  35  4:35  Probe  
  38  4:42  Probe  
  38  4:43  Probe  
  39  4:50  Probe  
  41  4:53  Probe  
  43  5:05  Stargate  
  43  5:06  Protoss Shields Level 1  
  43  5:16  Gateway  
  43  5:19  Gateway  
  43  5:28  Probe x2  
  45  5:31  Twilight Council  
  45  5:38  Stalker  
  45  5:40  Probe x2  
  49  5:43  Stalker  
  51  5:52  Probe x2, Phoenix  
  55  6:04  Probe x2  
  55  6:07  Dark Shrine  
  57  6:13  Pylon  
  57  6:21  Probe  
  57  6:22  Probe  
  57  6:25  Photon Cannon  
  59  6:28  Photon Cannon  
  59  6:42  Probe x2  
  61  6:56  Zealot x3  
  61  6:57  Nexus  
  61  6:58  Sentry  
  61  7:00  Pylon x2  
  69  7:04  Pylon  
  69  7:06  Protoss Ground Armor Level 1  
  69  7:09  Void Ray  
  73  7:19  Probe x2  
  73  7:21  Protoss Air Weapons Level 1  
  75  7:28  Stalker x3  
  81  7:31  Stalker  
  81  7:36  Probe  
  85  7:37  Probe  
  85  7:41  Assimilator  
  85  7:45  Void Ray  
  85  7:50  Charge, Probe x2  
  87  7:55  Assimilator  
  87  7:56  Assimilator  
  91  8:02  Zealot  
  91  8:03  Zealot  
  95  8:09  Stalker  
  95  8:11  Probe x2  
  95  8:12  Probe  
  100  8:22  Assimilator  
  100  8:23  Probe  
  100  8:24  Probe x2  
  103  8:28  Photon Cannon  
  103  8:30  Photon Cannon  
  103  8:38  Probe x3  
  106  8:44  Photon Cannon  
  106  8:47  Photon Cannon  
  106  8:51  Photon Cannon  
  106  8:56  Shield Battery, Probe x2  
  106  8:57  Probe, Void Ray  
  113  9:07  Dark Templar x2  
  117  9:24  Probe x3  
  120  9:35  Void Ray  
  120  9:36  Stargate  
  120  9:41  Stargate  
  124  9:54  Nexus  
  124  9:55  Pylon  
  124  9:58  Pylon  
  124  10:00  Pylon  
  124  10:04  Pylon  
  124  10:16  Dark Templar x3  
  124  10:17  Dark Templar  
  132  10:25  Stargate  
  130  10:35  Assimilator  
  130  10:39  Assimilator  
  130  10:42  Photon Cannon  
  130  10:43  Photon Cannon  
  130  10:45  Photon Cannon  
  130  10:47  Photon Cannon  
  130  10:49  Photon Cannon  
  130  10:53  Photon Cannon  
  130  10:55  Shield Battery  
  128  10:57  Shield Battery  
  128  10:58  Fleet Beacon  
  128  11:01  Photon Cannon  
  128  11:03  Zealot x2  
  128  11:04  Zealot x2  
  136  11:14  Protoss Shields Level 2  
  134  11:32  Probe x2  
  136  11:33  Probe x2  
  138  11:42  Carrier  
  138  11:43  Carrier x2  
  138  11:44  Carrier, Probe x2  
  138  11:45  Probe x2  
  142  11:54  Protoss Air Armor Level 1  
  166  12:07  Cybernetics Core  
  166  12:09  Pylon  
  166  12:12  Pylon  
  166  12:14  Pylon  
  166  12:36  Carrier  
  166  12:37  Carrier  
  166  12:38  Carrier x2  
  166  12:46  Mothership  
  198  13:10  Protoss Air Weapons Level 2  
  198  13:12  Nexus  
  198  13:16  Protoss Shields Level 3, Pylon  
  198  13:20  Pylon  
  198  13:23  Pylon  
  198  13:24  Pylon  
  198  13:28  Pylon  
  198  13:40  Pylon  
  198  13:49  Carrier  
  196  13:57  Protoss Air Armor Level 2  
  196  14:25  Assimilator  
  196  14:30  Assimilator  
  196  14:35  Probe x4  
  196  14:55  Carrier x2  
  188  15:04  Carrier x2  
  188  15:24  Protoss Air Weapons Level 3  
  188  15:49  Carrier x2  
  188  16:00  Photon Cannon x2  
  188  16:04  Photon Cannon  
  200  16:05  Photon Cannon  
  200  16:09  Photon Cannon  
  200  16:14  Protoss Air Armor Level 3  
  200  16:15  Photon Cannon  
  200  16:18  Photon Cannon  
  200  16:21  Protoss Ground Armor Level 2  
  200  17:43  Carrier  
  200  17:44  Carrier  
  197  18:09  Phoenix  
  199  18:20  Photon Cannon  
  199  18:22  Shield Battery  
  199  18:23  Shield Battery  
  199  18:25  Photon Cannon x2  
  199  18:30  Photon Cannon  
  199  19:29  Carrier  
  199  19:32  Carrier  
  194  19:38  Carrier  
  194  19:40  Protoss Ground Weapons Level 2  
  192  20:10  Nexus  
  192  20:14  Assimilator  
  192  20:17  Assimilator  
  192  20:20  Pylon  
  192  20:22  Pylon  
  192  20:24  Pylon  
  192  20:28  Pylon  
Tags
 
Add a new tag
Caveats
  • Supply blocks, unpowered buildings, or Contaminate may cause inaccurate times.
  • Supply counts are checked every 10 seconds.